 Dungeon Crawl Stone Soup version 0.31-a0-675-g238779eb0a (webtiles) character file.

Game seed: 11739124043359417932

11753 zero the Destroyer (level 11, -7/68 HPs)
             Began as a Gargoyle Earth Elementalist on Sept 5, 2023.
             Was a Follower of Vehumet.
             Killed from afar by an acid dragon (16 damage)
             ... with a splash of acid
             ... on level 10 of the Dungeon.
             The game lasted 00:14:49 (12098 turns).

zero the Destroyer (Gargoyle Earth Elementalist)   Turns: 12098, Time: 00:14:49

Health: -7/68      AC: 19    Str: 12    XL:     11   Next: 82%
Magic:  5/22       EV: 11    Int: 26    God:    Vehumet [*.....]
Gold:   789        SH:  0    Dex: 10    Spells: 12/25 levels left

rFire   + + .        O - +3 hand cannon (flame)
rCold   + . .        (no shield)
rNeg    + . .        H - +2 robe {rC+ rF+}
rPois   ∞            q - +0 helmet
rElec   +            w - +2 cloak
rCorr   .            y - +0 pair of gloves
SInv    .            D - +0 pair of boots
Will    .....        (no amulet)
Stlth   ++           d - +6 ring of intelligence
HPRegen 0.31/turn    g - ring of protection from fire
MPRegen 0.18/turn

%: no passive effects
@: no status effects
A: sickness immunity, AC +8, negative energy resistance 1, electricity
resistance, torment resistance 1, petrification resistance
a: Renounce Religion


You were on level 10 of the Dungeon.
You worshipped Vehumet.
Vehumet was aware of your devotion.
You visited 2 branches of the dungeon, and saw 11 of its levels.
You also visited: Bailey.

You collected 789 gold pieces.

Inventory:

Hand Weapons
 r - a +4 dagger of distortion
 M - a +0 mace
 O - a +3 hand cannon of flaming (weapon)
Missiles
 s - 6 curare-tipped darts
 z - 2 throwing nets
Armour
 p - a +0 buckler
 q - a +0 helmet (worn)
 w - a +2 cloak (worn)
 y - a +0 pair of gloves (worn)
 D - a +0 pair of boots (worn)
 H - a +2 robe of resistance (worn)
 N - the +0 buckler of Feasting {Drain rElec rC+ Str+3}
   (You found it in a bailey)

   Str+3:     It affects your strength (+3).
   rC+:       It protects you from cold.
   rElec:     It insulates you from electricity.
   Drain:     It drains your maximum health when unequipped.
Jewellery
 d - a +6 ring of intelligence (left hand)
 g - a ring of protection from fire (right hand)
 l - a ring of ice
 I - a ring of flight
Wands
 a - a wand of quicksilver (16)
 F - a wand of charming (8)
 G - a wand of iceblast (12)
 J - a wand of flame (14)
 K - a wand of digging (5)
Scrolls
 c - a scroll of torment {unknown}
 f - a scroll of fear
 i - 3 scrolls of teleportation {unknown}
 n - a scroll of revelation {unknown}
 o - a scroll of fog {unknown}
 t - 2 scrolls of enchant weapon
 u - 2 scrolls of immolation
 B - 2 scrolls of enchant armour {unknown}
 E - a scroll of summoning {unknown}
 L - a scroll of amnesia {unknown}
Potions
 b - a potion of degeneration {unknown}
 e - a potion of might {unknown}
 h - 3 potions of mutation
 j - 3 potions of curing
 k - 4 potions of resistance {unknown}
 m - 2 potions of invisibility
 v - 2 potions of ambrosia
 x - 2 potions of enlightenment
 A - a potion of berserk rage {unknown}
 C - a potion of lignification {unknown}
 P - 3 potions of haste {unknown}


   Skills:
 - Level 8.0 Fighting
 - Level 5.0 Armour
 - Level 1.5 Dodging
 - Level 2.1 Stealth
 - Level 3.0 Shields
 * Level 7.8 Spellcasting
 * Level 10.0 Conjurations
 - Level 0.7 Transmutations
 + Level 5.7 Ice Magic
 - Level 5.0 Air Magic
 - Level 8.0 Earth Magic


You had 12 spell levels left.
You knew the following spells:

 Your Spells              Type           Power      Damage    Failure   Level
a - Sandblast             Erth           100%       2d20      1%          1
b - Stone Arrow           Conj/Erth      100%       3d13      1%          3
c - Freezing Cloud        Conj/Ice/Air   23%        6-21      10%         5
d - Iskenderun's Mystic   Conj/Tloc      36%        2d9       7%          4

Your spell library contained the following spells:

 Spells                   Type           Power      Damage    Failure   Level
 Magic Dart               Conj           100%       1d8       1%          1
 Passwall                 Tmut/Erth      26%        N/A       1%          2
 Poisonous Vapours        Pois/Air       46%        N/A       3%          2
 Sticky Flame             Conj/Fire      36%        2d6       7%          4
 Petrify                  Tmut/Erth      32%        N/A       10%         4
 Ignite Poison            Fire/Tmut/Pois 11%        N/A       16%         3
 Inner Flame              Hex/Fire       10%        N/A       17%         3
 Portal Projectile        Hex/Tloc       20%        N/A       17%         3
 Summon Guardian Golem    Hex/Summ       10%        N/A       17%         3
 Tukima's Dance           Hex            10%        N/A       17%         3
 Orb of Destruction       Conj           29%        9d9       61%         7
 Plasma Beam              Fire/Air       11%        2x1d22    97%         6
 Spellforged Servitor     Conj/Summ      18%        N/A       99%         7
 Cigotuvi's Dreadful Rot  Necr/Pois/Air  Unusable   N/A       N/A         2

Dungeon Overview and Level Annotations

Branches:
Dungeon (10/15)            Temple (1/1) D:7          Bailey (visited)
   Lair: D:8-11         Orc: D:9-12

Altars:
Ashenzari
Cheibriados
Dithmenos
Fedhas
Gozag
Hepliaklqana
Kikubaaqudgha
Makhleb
Okawaru
Qazlal
Ru
Sif Muna
Trog
Uskayaw
Vehumet
Wu Jian
Xom
Yredelemnul
Zin
The Shining One

Shops:
D:9 :

Annotations:
D:5 3 runed translucent doors, senseless's ghost, amateur DsGl; senseless's ghost, weakling DsDe
D:10 Josephine


Innate Abilities, Weirdness & Mutations

You are immune to sickness and miasma.
Your stone body is resilient. (AC +8)
You are immune to poison.
You resist negative energy. (rN+)
You are resistant to electric shocks. (rElec)
You are resistant to unholy torment.
You are immune to petrification.


Message History

The death yak gores you.
* * * LOW HITPOINT WARNING * * *
Casting: Sandblast (safe; 1% risk of failure)
Confirm with . or Enter, or press ? or * to list all spells.
Aiming: Sandblast (safe; 1% risk of failure)
Press: ? - help, Shift-Dir - straight line, f/p - death yak
Aim: a death yak (almost dead, 95% to hit)
The blast of sand hits the death yak but does no damage.
The death yak is almost dead.
The wraith is engulfed in freezing vapours.
The death yak gores you!
* * * LOW HITPOINT WARNING * * *
You feel better. The death yak gores you.
* * * LOW HITPOINT WARNING * * *
As you read the scroll labelled VOSOYC QULL, it crumbles to dust.
The creatures around you are filled with an inner flame!
It was a scroll of immolation.
The death yak barely misses you.
As you read the scroll labelled ZOTOBE ELULU, it crumbles to dust.
You assume a fearsome visage.
The hell rat looks frightened!
The quokka looks frightened!
The death yak looks frightened!
The acid dragon looks frightened!
It was a scroll of fear.
There are no items here.
Okay, then.
Vehumet accepts your kill.
You feel a bit more experienced.
You hear an explosion!
You hear a sizzling sound!
Vehumet accepts your kill.
You feel a bit more experienced. Vehumet accepts your kill.
You feel your power returning.
You feel a bit more experienced.
You hear an explosion!
Vehumet accepts your kill.
You feel a bit more experienced.
You hear an explosion!
Vehumet accepts your kill.
You feel your power returning.
You feel a bit more experienced.
The acid dragon roars!
The acid dragon spits acid at you. The splash of acid hits you!
You die...

..######.......##..
..................#####
########.########.....#
#.# ##<.##.## #.#
#..##..# #####.#
####.##..##
#.....###.)..#..##
#....####....####.##
..# ##..#### #@#
#######..## ##.#
......<.## #..#
######### #.## ## ##.#
W† #..# #.#######D##
#..†DY..#.#
.....W.####.).#


You could see an acid dragon (inner flame, catching breath).

Vanquished Creatures
  A two-headed ogre (D:6)
  2 death yaks (D:10)
  Urug (D:10)
  An orc knight (Bailey)
  A deep elf pyromancer (Bailey)
  Pikel (D:3)
  A gargoyle (D:6)
  Jeremiah (D:8)
  Maggie (D:7)
  A troll (D:9)
  A shadow (D:9)
  2 wraiths (D:10)
  4 yaks
  A steam dragon (D:6)
  Menkaure (D:4)
  Edmund (D:4)
  9 orc warriors
  3 ice beasts
  A sky beast (D:7)
  3 black bears
  3 ogres
  3 centaurs
  A kobold brigand (D:6)
  4 phantoms
  2 bullfrogs
  3 gnoll sergeants
  4 scorpions
  8 wights
  15 killer bees
  A gnoll bouda (D:8)
  6 hounds
  Crazy Yiuf (D:3)
  2 jellies (D:6)
  10 orc priests
  4 iguanas
  A sleepcap (D:4)
  Terence (D:2)
  Natasha (twice) (D:2)
  2 hell rats (D:10)
  13 orc wizards
  14 adders
  30 gnolls
  2 river rats (D:10)
  A shadow imp (D:7)
  An ufetubus (D:6)
  4 worms
  8 dart slugs
  53 orcs
  9 endoplasms
  3 giant cockroaches
  9 goblins
  9 hobgoblins
  16 kobolds
  8 quokkas
  6 ball pythons
  3 bats
  3 frilled lizards
  5 rats
307 creatures vanquished.

Vanquished Creatures (others)
  A human (D:5)
1 creature vanquished.

Grand Total: 308 creatures vanquished

Notes
Turn   | Place    | Note
-------+----------+-------------------------------------------
     0 | D:1      | zero the Gargoyle Earth Elementalist began the quest for
                  | the Orb.
     0 | D:1      | Reached XP level 1. HP: 10/10 MP: 3/3
    69 | D:1      | Reached XP level 2. HP: 7/16 MP: 1/5
   246 | D:1      | Reached skill level 1 in Fighting
   417 | D:1      | Reached XP level 3. HP: 20/20 MP: 2/6
   421 | D:1      | Learned a level 3 spell: Stone Arrow
   815 | D:2      | Reached XP level 4. HP: 26/26 MP: 4/8
  1224 | D:2      | Noticed Natasha
  1228 | D:2      | Killed Natasha
  1229 | D:2      | Reached XP level 5. HP: 20/30 MP: 6/10
  1287 | D:2      | Noticed Terence
  1291 | D:2      | Killed Terence
  1510 | D:2      | Noticed Natasha
  1520 | D:2      | Killed Natasha
  1888 | D:3      | Found a blossoming altar of Fedhas.
  1922 | D:3      | Found a broken altar of Ashenzari.
  2004 | D:3      | Reached XP level 6. HP: 36/36 MP: 10/12
  2075 | D:3      | Reached skill level 5 in Earth Magic
  2176 | D:3      | Got Pucze Bungo's Guidebook on Fever and Electrocution
  2286 | D:3      | Learned a level 5 spell: Freezing Cloud
  2645 | D:3      | Found a faded altar of an unknown god.
  2681 | D:3      | Found a runed translucent door.
  2682 | D:3      | Noticed Crazy Yiuf
  3028 | D:3      | Killed Crazy Yiuf
  3093 | D:4      | Noticed Menkaure
  3097 | D:4      | Killed Menkaure
  3098 | D:4      | Reached skill level 1 in Conjurations
  3189 | D:4      | Reached skill level 1 in Ice Magic
  3189 | D:4      | Reached XP level 7. HP: 41/41 MP: 11/14
  3192 | D:4      | Reached skill level 5 in Spellcasting
  3192 | D:4      | Reached skill level 1 in Air Magic
  3241 | D:4      | Noticed Edmund
  3266 | D:4      | Reached skill level 2 in Conjurations
  3269 | D:4      | Killed Edmund
  3363 | D:4      | Noticed Pikel
  3399 | D:3      | Killed Pikel
  3400 | D:3      | Reached skill level 5 in Fighting
  3400 | D:3      | Reached skill level 5 in Conjurations
  3400 | D:3      | Reached XP level 8. HP: 48/49 MP: 1/15
  3556 | D:4      | Found a stormy altar of Qazlal.
  3644 | D:4      | Reached skill level 1 in Armour
  3644 | D:4      | Reached skill level 1 in Shields
  4038 | D:5      | Entered Level 5 of the Dungeon
  4145 | D:5      | Found an ancient bone altar of Kikubaaqudgha.
  4408 | D:5      | Found a sacrificial altar of Ru.
  4626 | D:5      | Found a runed translucent gate.
  4627 | D:5      | Found a runed translucent gate.
  4628 | D:5      | Found a runed translucent gate.
  4628 | D:5      | Noticed senseless's ghost (amateur DsGl)
  4628 | D:5      | Noticed senseless's ghost (weakling DsDe)
  4734 | D:6      | Reached XP level 9. HP: 54/54 MP: 12/17
  4850 | D:6      | Found a shadowy altar of Dithmenos.
  5259 | D:6      | Noticed a gargoyle
  5283 | D:6      | Reached skill level 6 in Conjurations
  5304 | D:6      | HP: 2/55 [gargoyle/+0 flail (12)]
  5305 | D:6      | Killed a gargoyle
  5958 | D:6      | Noticed a two-headed ogre
  6227 | D:6      | Killed a two-headed ogre
  6228 | D:6      | Reached skill level 7 in Conjurations
  6228 | D:6      | Reached XP level 10. HP: 61/61 MP: 9/19
  6753 | D:7      | Found a shimmering altar of Xom.
  6829 | D:7      | Found a staircase to the Ecumenical Temple.
  6841 | Temple   | Entered the Ecumenical Temple
  7002 | D:7      | Found a bloodstained altar of Trog.
  7086 | D:7      | Noticed Maggie
  7090 | D:7      | Killed Maggie
  7597 | D:7      | Reached skill level 8 in Conjurations
  7850 | D:8      | Found a radiant altar of Vehumet.
  8062 | D:8      | Reached skill level 5 in Ice Magic
  8283 | D:8      | Found a snail-covered altar of Cheibriados.
  8334 | D:8      | Reached XP level 11. HP: 67/67 MP: 17/20
  8602 | D:8      | Noticed Jeremiah
  8788 | D:8      | Killed Jeremiah
  9006 | D:9      | Found a glowing silver altar of Zin.
 10088 | D:9      | Found Riem's Book Boutique.
 10163 | D:9      | Reached skill level 5 in Armour
 10324 | D:8      | Became a worshipper of Vehumet
 10631 | D:9      | Found a shimmering blue altar of Sif Muna.
 10782 | D:10     | Entered Level 10 of the Dungeon
 10819 | D:10     | Found a flagged portal.
 10828 | Bailey   | Entered a bailey
 11004 | Bailey   | Learned a level 4 spell: Iskenderun's Mystic Blast
 11057 | Bailey   | Reached skill level 9 in Conjurations
 11057 | Bailey   | Reached skill level 5 in Air Magic
 11115 | Bailey   | Reached * piety under Vehumet
 11115 | Bailey   | Offered knowledge of Magic Dart by Vehumet.
 11187 | Bailey   | Noticed an orc knight
 11200 | Bailey   | Killed an orc knight
 11392 | Bailey   | Found a large runed translucent door.
 11392 | Bailey   | Found a large runed translucent door.
 11393 | Bailey   | Noticed a deep elf pyromancer
 11469 | Bailey   | Killed a deep elf pyromancer
 11605 | Bailey   | Identified the +0 buckler of Feasting {Drain rElec rC+
                  | Str+3}
 11679 | D:10     | Noticed Josephine
 11895 | D:10     | Noticed Urug
 11901 | D:10     | Killed Urug
 12063 | D:10     | Noticed a death yak
 12068 | D:10     | Noticed a death yak
 12069 | D:10     | Noticed a death yak
 12072 | D:10     | Killed a death yak
 12077 | D:10     | Killed a death yak
 12078 | D:10     | Reached skill level 10 in Conjurations
 12084 | D:10     | HP: 1/68 [death yak (9)]
 12098 | D:10     | Killed from afar by an acid dragon

Illustrated notes

Levels and vault maps discovered:
D:1:      scummos_arrival_simple_fountains, layout_rooms, minmay_misc_feat_iff
D:2:      layout_loops_ring, serial_bayou_crossing, uniq_natasha, uniq_terence
D:3:      minmay_bubble_buster, layout_basic, mainiacjoe_overflow_tiny_flanked,
          lemuel_tele_altar, hellmonk_ecumenical_altar_pennies_from_heaven,
          uniq_crazy_yiuf_cottage
D:4:      layout_cave_pools, lemuel_round_altar, uniq_edmund, uniq_pikel,
          uniq_menkaure
D:5:      layout_gridville, nicolae_ru_sacrificial_ziggurat, tgw_kikubaaqudgha,
          gammafunk_ghost_cemetery, hangedman_decor_lopped
D:6:      cheibrodos_fzero, layout_cave_pods, mainiacjoe_overflow_brackets
D:7:      black_bear_nest_1, layout_loops_ring, trog_three_pillars_becter,
          old_standard_altar, minmay_temple_entry_hall, uniq_maggie
D:8:      layout_basic, mainiacjoe_overflow_alcove_4,
          mainiacjoe_overflow_boulevard, uniq_jeremiah
D:9:      layout_roguey, lemuel_blue_sif_altar, lemuel_round_altar,
          serial_shops, nicolae_diamond_shop, special_room [special_room_orc]
D:10:     layout_rooms, nicolae_elyvilon_temple_path, old_standard_altar,
          dpeg_lair_monsters, enter_bailey_8, uniq_urug, uniq_josephine,
          uniq_amaemon
Temple:   hellmonk_temple_micro_hex

Skill      XL: |  1  2  3  4  5  6  7  8  9 10 11 |
---------------+----------------------------------+-----
Fighting       | 1 2 3 5 6 7 8 |  8.0
Earth Magic    | 4 5 6 7 8 |  8.0
Spellcasting   | 3 4 5 6 7 |  7.8
Conjurations   | 1 5 7 8 10 | 10.0
Ice Magic      | 1 2 3 5 |  5.7
Air Magic      | 1 3 4 5 |  5.0
Armour         | 1 3 4 5 |  5.0
Shields        | 2 3 |  3.0
Dodging        | |  1.5
Stealth        | |  2.1
Transmutations | |  0.7

Action                     |  1- 3 |  4- 6 |  7- 9 | 10-12 || total
---------------------------+-------+-------+-------+-------++-------
  Melee: Whip              |    33 |     6 |       |       ||    39
         Dagger            |       |     2 |    12 |    24 ||    38
   Fire: Hand cannon       |       |       |       |    11 ||    11
   Cast: Sandblast         |    35 |    69 |   118 |   187 ||   409
         Stone Arrow       |       |     6 |    28 |    82 ||   116
         Freezing Cloud    |       |       |       |     4 ||     4
    Use: Potion            |       |       |     1 |     2 ||     3
         Scroll            |       |       |       |     8 ||     8
   Stab: Sleeping          |       |       |       |     1 ||     1
 Armour: Robe              |    22 |    13 |    86 |   197 ||   318
  Dodge: Dodged            |    21 |    23 |    77 |   145 ||   266
  Block: Buckler           |       |     1 |    11 |    51 ||    63

Table legend: (Time is in decaauts)
 A = Elapsed time spent in this place.
 B = Non-inter-level travel time spent in this place.
 C = Inter-level travel time spent in this place.
 D = Time resting spent in this place.
 E = Time spent auto-exploring this place.
 F = Levels seen in this place.
 G = Mean time per level.
                   A        B        C        D        E       F      G
               +--------+--------+--------+--------+--------+-----+--------+
         Total |  12339 |  11807 |    532 |   2372 |   7522 |  12 | 1028.2 |
       Dungeon |  11491 |  10959 |    532 |   1889 |   7393 |  10 | 1149.1 |
        Temple |      1 |      1 |      0 |      0 |      0 |   1 |    1.0 |
        Bailey |    846 |    846 |      0 |    483 |    129 |   1 |  846.0 |
               +--------+--------+--------+--------+--------+-----+--------+

Top non-repeatable levels by time:
     D:6: 1965 daAuts
     D:9: 1752 daAuts
     D:3: 1374 daAuts
     D:8: 1330 daAuts
     D:2: 1220 daAuts
     D:7: 1200 daAuts
  Bailey: 846 daAuts
     D:4: 811 daAuts
     D:5: 734 daAuts
     D:1: 720 daAuts
    D:10: 381 daAuts
  Temple: 1 daAuts
